 Dungeon Crawl Stone Soup version 0.31-a0-167-g1c394c0614 (webtiles) character file.

Game seed: 9963847784210071059

738 qw the Shooter (level 7, -1/66 HPs)
             Began as a Naga Hunter on June 14, 2023.
             Slain by an orc priest
             ... wielding a +0 dagger
              (2 damage)
             ... on level 4 of the Dungeon.
             The game lasted 00:01:28 (3162 turns).

qw the Shooter (Naga Hunter)                        Turns: 3162, Time: 00:01:29

Health: -1/66      AC:  7    Str: 13    XL:     7   Next: 75%
Magic:  7/7        EV: 10    Int:  9    God:
Gold:   168        SH:  0    Dex: 17    Spells: 6/6 levels left

rFire   . . .        Y - +1 shortbow
rCold   . . .        (shield currently unavailable)
rNeg    . . .        c - +0 leather armour
rPois   +            (no helmet)
rElec   .            (no cloak)
rCorr   .            (no gloves)
SInv    +            (no barding)
Will    .....        (no amulet)
Stlth   ++           e - +4 ring of protection
HPRegen 0.31/turn    (no ring)
MPRegen 0.10/turn

%: no passive effects
@: short of breath, very slow
A: AC +2, large, see invisible, deformed body, poison resistance, slowness 2,
spit poison 1, naga tail 1
a: Spit Poison


You were on level 4 of the Dungeon.
You visited 1 branch of the dungeon, and saw 4 of its levels.

You collected 168 gold pieces.


Innate Abilities, Weirdness & Mutations

Your serpentine skin is tough. (AC +2)
You have supernaturally acute eyesight. (SInv)
Armour fits poorly on your strangely shaped body.
Your system is resistant to poisons. (rPois)
You cover ground very slowly.
You can spit poison.
You have a snake-like lower body.


   Skills:
 - Level 4.9 Fighting
 + Level 7.2 Ranged Weapons
 - Level 2.0 Dodging
 - Level 1.5 Stealth


You had 6 spell levels left.
You didn't know any spells.
Your spell library was empty.

Inventory:

Hand Weapons
 Y - a +1 shortbow (weapon)
Armour
 c - a +0 leather armour (worn)
Jewellery
 a - a ring of ice
 e - a +4 ring of protection (left hand)
Scrolls
 d - a scroll of brand weapon {unknown}
 f - 2 scrolls of amnesia {unknown}
 g - 2 scrolls of blinking {unknown}
 i - a scroll of identify
Potions
 b - a potion of haste
 h - 2 potions of curing {unknown}
 l - 3 potions of might
 n - a potion of enlightenment {unknown}

Dungeon Overview and Level Annotations

Branches:
Dungeon (4/15)
 Temple: D:4-7

Altars:
Cheibriados
Elyvilon
Ru

Annotations:
D:2 1 runed translucent door, Crazy Yiuf


Message History

The arrow hits the orc priest but does no damage.
The orc priest is lightly wounded.
The orc closely misses you.
The orc wizard points at you and mumbles some strange words.
You easily resist.
The orc barely misses you.
The orc priest invokes the aid of Beogh against you.
You resist with significant effort.
You shoot an arrow. The arrow hits the orc priest.
The orc priest is moderately wounded.
You have got your breath back.
The orc hits you with a +0 mace.
The orc wizard hits you but does no damage.
The orc hits you but does no damage.
The orc priest mumbles some strange prayers to Beogh against you.
Beogh smites you! The orc barely misses you.
The orc priest mumbles some strange prayers to Beogh against you.
Beogh smites you! The orc hits you with a +0 mace.
The orc wizard closely misses you.
3160 ||| INVOKING Spit Poison.
Aiming: Spit Poison (1% risk of failure)
Press: ? - help, Shift-Dir - straight line, f/p - orc priest The splash of poison hits the orc priest but does no damage.
The orc priest is moderately wounded.
The orc hits you but does no damage.
The orc wizard hits you with a +0 dagger.
The orc closely misses you.
The orc priest invokes the aid of Beogh against you.
Pain shoots through your body!
You shoot an arrow. The arrow hits the orc priest.
The orc priest is heavily wounded.
The orc hits you but does no damage.
The orc wizard gestures at you while chanting.
The puff of flame hits you! The orc misses you.
The orc priest hits you with a +0 dagger.
You shoot an arrow. The arrow hits the orc priest.
The orc priest is almost dead.
The orc hits you with a +0 mace. The orc wizard barely misses you.
The orc hits you but does no damage.
The orc priest hits you with a +0 dagger.
You die...

....... ....### ...... #####
###########..... ..#.
#.............. ...#
#............. .. ... ##
#............ ....... #. .#
###.........oo. ...%...##. .##
#..........oo# ........^
..###.#........o@# #.......
......#.......!o.# #.......
.....##..........# #.......
.....##..........## #.......
.....##........(..# ###.......
......#####.#####.#
####......... ......#####.##
#.###..........##
.............####.#...........##
.......#...............########


You could see an orc priest, an orc wizard and 4 orcs.

Vanquished Creatures
  Sigmund (D:2)
  An ice beast (D:4)
  A phantom (D:4)
  3 orc priests
  A hound (D:4)
  An iguana (D:4)
  Natasha (thrice) (D:2)
  An orc wizard (D:3)
  A gnoll (D:1)
  6 adders
  A worm (D:3)
  4 dart slugs
  10 orcs
  5 bats
  6 endoplasms
  5 giant cockroaches
  9 goblins
  8 hobgoblins
  6 jackals (D:3)
  3 quokkas (D:1)
  7 ball pythons
  7 frilled lizards
  10 kobolds
  A rat (D:2)
101 creatures vanquished.

Notes
Turn   | Place    | Note
-------+----------+-------------------------------------------
     0 | D:1      | qw the Naga Hunter began the quest for the Orb.
     0 | D:1      | Reached XP level 1. HP: 19/19 MP: 1/1
     0 | D:1      | 0 ||| qw: Version: 0.2-a-29-g1fa15c8
     0 | D:1      | 0 ||| qw: Game counter: 4973
     0 | D:1      | 0 ||| qw: Always use a shield: true
     0 | D:1      | 0 ||| qw: God list: Okawaru
     0 | D:1      | 0 ||| qw: Allow faded altars: false
     0 | D:1      | 0 ||| qw: Do Orc after D:15 true
     0 | D:1      | 0 ||| qw: Do second Lair branch before Depths: true
     0 | D:1      | 0 ||| qw: Lair rune preference: random
     0 | D:1      | 0 ||| qw: Plans: Normal
     0 | D:1      | 0 ||| PLANNING D:1-11
    10 | D:1      | 10 ||| INVOKING Spit Poison.
    50 | D:1      | 50 ||| INVOKING Spit Poison.
    56 | D:1      | 56 ||| INVOKING Spit Poison.
    61 | D:1      | 61 ||| INVOKING Spit Poison.
    65 | D:1      | 65 ||| INVOKING Spit Poison.
    80 | D:1      | 80 ||| INVOKING Spit Poison.
    83 | D:1      | 83 ||| INVOKING Spit Poison.
    85 | D:1      | Reached skill level 4 in Ranged Weapons
    85 | D:1      | Reached XP level 2. HP: 26/26 MP: 2/2
   101 | D:1      | 101 ||| INVOKING Spit Poison.
   115 | D:1      | 115 ||| INVOKING Spit Poison.
   119 | D:1      | 119 ||| INVOKING Spit Poison.
   124 | D:1      | Reached XP level 3. HP: 11/32 MP: 3/3
   211 | D:1      | 211 ||| INVOKING Spit Poison.
   261 | D:1      | 261 ||| INVOKING Spit Poison.
   268 | D:1      | 268 ||| INVOKING Spit Poison.
   304 | D:1      | 304 ||| INVOKING Spit Poison.
   310 | D:1      | 310 ||| INVOKING Spit Poison.
   441 | D:1      | 441 ||| INVOKING Spit Poison.
   447 | D:1      | 447 ||| INVOKING Spit Poison.
   451 | D:1      | 451 ||| INVOKING Spit Poison.
   517 | D:1      | 517 ||| INVOKING Spit Poison.
   652 | D:1      | 652 ||| INVOKING Spit Poison.
   683 | D:1      | 683 ||| INVOKING Spit Poison.
   697 | D:1      | 697 ||| INVOKING Spit Poison.
   806 | D:1      | 806 ||| READING 3 scrolls labelled TEZXID XIEBI.
   807 | D:1      | 807 ||| READING scroll labelled KOATUE CAIDA.
   808 | D:1      | 808 ||| READING 3 scrolls labelled YCKU CENAMO.
   809 | D:1      | 809 ||| DRINKING 2 coppery potions.
   810 | D:1      | 810 ||| DRINKING 2 brown potions.
   811 | D:1      | 811 ||| READING 2 scrolls of identify.
   811 | D:1      | 811 ||| IDENTIFYING metallic black potion
   812 | D:1      | 812 ||| DROPPING 2 scrolls of fear.
   813 | D:1      | 813 ||| DROPPING scroll of butterflies.
   814 | D:1      | 814 ||| DROPPING potion of degeneration.
   815 | D:1      | 815 ||| DROPPING potion of attraction.
   872 | D:2      | 872 ||| INVOKING Spit Poison.
   877 | D:2      | 877 ||| INVOKING Spit Poison.
   894 | D:2      | Noticed Natasha
   895 | D:2      | 895 ||| INVOKING Spit Poison.
   900 | D:2      | 900 ||| INVOKING Spit Poison.
   902 | D:2      | Killed Natasha
   903 | D:2      | Reached skill level 5 in Ranged Weapons
   903 | D:2      | Reached XP level 4. HP: 31/39 MP: 4/4
   911 | D:2      | 911 ||| INVOKING Spit Poison.
   915 | D:2      | 915 ||| INVOKING Spit Poison.
   927 | D:2      | 927 ||| INVOKING Spit Poison.
   928 | D:2      | 928 ||| INVOKING Spit Poison.
  1024 | D:2      | Noticed Natasha
  1034 | D:2      | 1034 ||| INVOKING Spit Poison.
  1034 | D:2      | Killed Natasha
  1075 | D:2      | 1075 ||| INVOKING Spit Poison.
  1076 | D:2      | 1076 ||| INVOKING Spit Poison.
  1129 | D:2      | 1129 ||| INVOKING Spit Poison.
  1157 | D:2      | 1157 ||| INVOKING Spit Poison.
  1183 | D:2      | Found a faded altar of an unknown god.
  1277 | D:2      | 1277 ||| INVOKING Spit Poison.
  1293 | D:2      | Noticed Sigmund
  1295 | D:2      | 1295 ||| INVOKING Spit Poison.
  1298 | D:2      | 1298 ||| INVOKING Spit Poison.
  1302 | D:2      | 1302 ||| INVOKING Spit Poison.
  1302 | D:2      | Killed Sigmund
  1303 | D:2      | Reached XP level 5. HP: 37/51 MP: 5/5
  1303 | D:2      | Reached XP level 6. HP: 43/60 MP: 6/6
  1428 | D:2      | Found a runed translucent door.
  1429 | D:2      | Noticed Crazy Yiuf
  1453 | D:2      | Noticed Natasha
  1455 | D:2      | 1455 ||| INVOKING Spit Poison.
  1462 | D:2      | 1462 ||| INVOKING Spit Poison.
  1463 | D:2      | Killed Natasha
  1786 | D:2      | 1786 ||| DROPPING scarf of invisibility.
  1787 | D:2      | 1787 ||| READING scroll labelled CAIMESOUTS.
  1856 | D:2      | 1856 ||| READING scroll labelled SAACEG FEEQUI.
  1857 | D:2      | 1857 ||| READING 2 scrolls labelled OGYREF NEEXTO.
  1858 | D:2      | 1858 ||| READING scroll labelled IFOEHO XUETE.
  1859 | D:2      | 1859 ||| DROPPING scroll of immolation.
  1890 | D:3      | 1890 ||| INVOKING Spit Poison.
  1931 | D:3      | 1931 ||| INVOKING Spit Poison.
  1935 | D:3      | 1935 ||| INVOKING Spit Poison.
  2037 | D:3      | Found a white marble altar of Elyvilon.
  2038 | D:3      | 2038 ||| INVOKING Spit Poison.
  2042 | D:3      | 2042 ||| INVOKING Spit Poison.
  2046 | D:3      | 2046 ||| INVOKING Spit Poison.
  2052 | D:3      | 2052 ||| INVOKING Spit Poison.
  2059 | D:3      | 2059 ||| INVOKING Spit Poison.
  2066 | D:3      | 2066 ||| INVOKING Spit Poison.
  2154 | D:3      | 2154 ||| INVOKING Spit Poison.
  2157 | D:3      | 2157 ||| Stepping ~*~*~tactically~*~*~ (outnumbered).
  2159 | D:3      | 2159 ||| INVOKING Spit Poison.
  2163 | D:3      | 2163 ||| INVOKING Spit Poison.
  2170 | D:3      | 2170 ||| INVOKING Spit Poison.
  2183 | D:3      | 2183 ||| INVOKING Spit Poison.
  2208 | D:3      | 2208 ||| INVOKING Spit Poison.
  2214 | D:3      | 2214 ||| INVOKING Spit Poison.
  2227 | D:3      | 2227 ||| INVOKING Spit Poison.
  2243 | D:3      | 2243 ||| INVOKING Spit Poison.
  2247 | D:3      | Reached skill level 6 in Ranged Weapons
  2278 | D:3      | Found a snail-covered altar of Cheibriados.
  2337 | D:3      | 2337 ||| INVOKING Spit Poison.
  2342 | D:3      | 2342 ||| INVOKING Spit Poison.
  2343 | D:3      | Reached XP level 7. HP: 66/66 MP: 7/7
  2348 | D:3      | 2348 ||| INVOKING Spit Poison.
  2428 | D:3      | 2428 ||| UPGRADING to +4 ring of protection.
  2429 | D:3      | 2429 ||| DROPPING +6 ring of intelligence.
  2430 | D:3      | 2430 ||| READING scroll labelled ROENTU XUFAMEY.
  2531 | D:3      | 2531 ||| READING scroll labelled EMAXZO GULONA.
  2532 | D:3      | 2532 ||| READING scroll labelled MEPPIM JETA.
  2533 | D:3      | 2533 ||| READING scroll labelled BITAUWI SYLUAS.
  2534 | D:3      | 2534 ||| DRINKING 2 amethyst potions.
  2568 | D:4      | Found a sacrificial altar of Ru.
  2569 | D:4      | 2569 ||| INVOKING Spit Poison.
  2575 | D:4      | 2575 ||| INVOKING Spit Poison.
  2578 | D:4      | 2578 ||| INVOKING Spit Poison.
  2589 | D:4      | 2589 ||| INVOKING Spit Poison.
  2595 | D:4      | 2595 ||| INVOKING Spit Poison.
  2600 | D:4      | 2600 ||| INVOKING Spit Poison.
  2710 | D:4      | HP: 11/66 [ice beast (11)]
  2711 | D:4      | 2711 ||| DRINKING 2 potions of heal wounds.
  2713 | D:4      | 2713 ||| DRINKING potion of heal wounds.
  2823 | D:4      | 2823 ||| INVOKING Spit Poison.
  2857 | D:4      | 2857 ||| INVOKING Spit Poison.
  2860 | D:4      | 2860 ||| INVOKING Spit Poison.
  2865 | D:4      | 2865 ||| INVOKING Spit Poison.
  2883 | D:4      | 2883 ||| INVOKING Spit Poison.
  2925 | D:4      | 2925 ||| INVOKING Spit Poison.
  2952 | D:4      | Reached skill level 7 in Ranged Weapons
  3136 | D:4      | 3136 ||| INVOKING Spit Poison.
  3141 | D:4      | 3141 ||| INVOKING Spit Poison.
  3145 | D:4      | 3145 ||| INVOKING Spit Poison.
  3148 | D:4      | 3148 ||| INVOKING Spit Poison.
  3157 | D:4      | 3157 ||| INVOKING Spit Poison.
  3159 | D:4      | HP: 15/66 [orc/+0 mace (4)]
  3160 | D:4      | 3160 ||| INVOKING Spit Poison.
  3161 | D:4      | HP: 4/66 [orc wizard/puff of flame (7)]
  3162 | D:4      | HP: 1/66 [orc/+0 mace (1)]
  3162 | D:4      | Slain by an orc priest

Levels and vault maps discovered:
D:1:      dpeg_arrival_simpleton_a, layout_basic, minmay_misc_feat_columns
D:2:      layout_rooms, hellmonk_ecumenical_altar_leap_of_faith, uniq_natasha,
          uniq_crazy_yiuf_cottage, uniq_sigmund
D:3:      layout_basic, kennysheep_slug_shrine, elyvilon_altar_3
D:4:      layout_rooms, nicolae_ru_great_annihilating_truth

Skill      XL: |  1  2  3  4  5  6  7 |
---------------+----------------------+-----
Ranged Weapons | 4 5 6 7 |  7.2
Fighting       | 4 |  4.9
Dodging        | 2 |  2.0
Stealth        | |  1.5

Action                     |  1- 3 |  4- 6 |  7- 9 || total
---------------------------+-------+-------+-------++-------
  Melee: Unarmed           |       |     1 |       ||     1
   Fire: Shortbow          |    62 |   110 |    99 ||   271
Ability: Spit Poison       |    26 |    33 |    19 ||    78
    Use: Scroll            |     4 |     4 |     4 ||    12
         Potion            |     2 |       |     3 ||     5
 Armour: Leather armour    |     8 |    20 |    28 ||    56
         Skin              |       |     1 |       ||     1
  Dodge: Dodged            |    16 |    29 |    43 ||    88

Table legend:
 A = Non-vault XP
 B = Vault XP
 C = Vault XP percentage of total XP
 D = Non-vault monster count
 E = Vault monster count
 F = Vault count percentage of total count
                 A         B        C        D         E       F
            +---------+---------+-------+---------+---------+-------
      Total |     782 |     273 |  25.9 |      94 |       7 |   6.9
            +---------+---------+-------+---------+---------+-------
        D:1 |      63 |       0 |   0.0 |      29 |       0 |   0.0
        D:2 |     100 |     262 |  72.4 |      15 |       2 |  11.8
        D:3 |     230 |       4 |   1.7 |      31 |       1 |   3.1
        D:4 |     389 |       7 |   1.8 |      19 |       4 |  17.4
            +---------+---------+-------+---------+---------+-------
